cohdb
Replays
Latest Replays
All Replays
Popular Replays
Top Player Replays
Match Explorer
How It Works
Community
CoH3 Stats
Reddit
Sign in to upload your games and track your stats! →
Sign in with Steam
Match 21202396
Unlisted
Match 21202396
Overview
Messages
Build Orders
End
Construct Section Command Post
Selects Australian Defense Battlegroup
Selects Australian Light Infantry Section
Australian Light Infantry Section
Dingo Light Scout Car
Infantry Section
Selects 2-pounder Anti-tank Gun Team
Infantry Section
Construct Platoon Command Post
Unlock M3 Stuart Light Tanks
DanielD
Twister
InSaNiedi
Ra11
Walther
Otto Skorzeny
Frost
Del
0
0
Comments
sign in to comment!
No comments posted yet!